 Dungeon Crawl Stone Soup version 0.23.2-40-g277498a001 (webtiles) character file.

Game seed: 16321542190000748000

105 Hylith the Insei (level 4, -3/29 HPs)
             Began as an Octopode Transmuter on Sept 23, 2019.
             Slain by an ogre
             ... wielding a +0 giant club
              (13 damage)
             ... on level 4 of the Dungeon.
             The game lasted 00:05:27 (2483 turns).

Hylith the Insei (Octopode Transmuter)              Turns: 2483, Time: 00:05:28

Health: -3/29      AC:  1    Str:  6 (9)  XL:     4   Next: 83%
Magic:  8/8        EV: 13    Int: 14 (16) God:
Gold:   112        SH:  0    Dex:  9 (12) Spells: 2/8 levels left

rFire    . . .     SeeInvis .     - Unarmed
rCold    . . .     Gourm    .   (no shield)
rNeg     . . .     Faith    .   (helmet restricted)
rPois    .         Spirit   .   (no amulet)
rElec    .         Reflect  .   e - ring of teleportation (curse)
rCorr    .         Harm     .   (no ring)
MR       .....     Rnd*Tele +   (no ring)
Stlth    ++........             (no ring)
HPRegen  0.09/turn              (no ring)
MPRegen  0.11/turn              (no ring)
                                (no ring)
                                (no ring)

@: no status effects
A: almost no armour, stealthy swim, amphibious, 8 rings, constrict 8, camouflage
1, gelatinous body 1
a: no special abilities


You were on level 4 of the Dungeon.
You were not hungry.

You visited 1 branch of the dungeon, and saw 4 of its levels.

You collected 112 gold pieces.

Inventory:

Missiles
 a - 78 arrows
Jewellery
 e - a cursed ring of teleportation (left tentacle)
Scrolls
 b - 4 scrolls of identify {unknown}
 d - a scroll of enchant weapon {unknown}
 f - a scroll of amnesia {unknown}
 h - a scroll of remove curse {unknown}
 k - 2 scrolls of fog {unknown}
 m - 2 scrolls of fear {unknown}
Potions
 g - 2 potions of curing
 j - a potion of might {unknown}
 o - a potion of brilliance {unknown}
Comestibles
 c - 4 rations


   Skills:
 + Level 2.0 Fighting
 + Level 2.5 Dodging
 + Level 0.1 Stealth
 + Level 3.4 Unarmed Combat
 * Level 2.7 Spellcasting
 * Level 3.0 Transmutations
 + Level 0.4 Poison Magic


You had 2 spell levels left.
You knew the following spells:

 Your Spells              Type           Power        Failure   Level  Hunger
a - Beastly Appendage     Tmut           ##....       6%          1    #......
b - Sticks to Snakes      Tmut           ##......     10%         2    ###....
c - Spider Form           Tmut/Pois      #.........   32%         3    ###....

Your spell library contained the following spells:

 Spells                   Type           Power        Failure   Level  Hunger
 Ice Form                 Ice/Tmut       #.......     75%         4    #####..
 Blade Hands              Tmut           ##........   87%         5    ######.


Dungeon Overview and Level Annotations

Branches:
Dungeon (4/15)
 Temple: D:4-7

Altars:


Innate Abilities, Weirdness & Mutations

You cannot wear most types of armour.
You are very stealthy in the water. (Stealth+)
You are amphibious.
You can wear up to eight rings at the same time.
You can use your tentacles to constrict eight enemies at once.
Your skin changes colour to match your surroundings (Stealth+).
Your rubbery body absorbs attacks. (AC +1, EV +1)


Message History

Your surroundings suddenly seem different.
A giant cockroach comes into view.
Found a runed bardiche.
The giant cockroach bites you.
* * * LOW HITPOINT WARNING * * *
You tentacle-slap the giant cockroach but do no damage.
You grab the giant cockroach. You constrict the giant cockroach.
The giant cockroach barely misses you.
You tentacle-slap the giant cockroach.
You kill the giant cockroach!
You start resting.
All of the chunks of flesh in your inventory have rotted away.
You feel strangely unstable.
You are suddenly yanked towards a nearby monster!
Your surroundings suddenly seem different.
Found a ration and 8 gold pieces.
An ogre comes into view. It is wielding a +0 giant club.
The ogre shouts!
The ogre hits you with a +0 giant club!
You die...

#.)......#
#........# #...$..
....... .....#
..o..#
#######..%..#
#...........#
#@O.........#
+......##+##+
#.....##8.8##
#....##.....##
.....##8.....8#
......##.........#
......#8.........8#
......+.....).....+
.######8.........8#


You could see an ogre.

Vanquished Creatures
  Crazy Yiuf (D:2)
  An adder (D:2)
  An ooze (D:2)
  A worm (D:2)
  4 dart slugs
  2 leopard geckos
  An orc (D:2)
  8 giant cockroaches
  5 goblins
  3 hobgoblins
  2 jackals (D:2)
  5 kobolds
  A quokka (D:3)
  A ball python (D:3)
  5 bats
  4 frilled lizards
  5 rats
50 creatures vanquished.

Notes
Turn   | Place    | Note
-------+----------+-------------------------------------------
     0 | D:1      | Hylith the Octopode Transmuter began the quest for the Orb.
     0 | D:1      | Reached XP level 1. HP: 13/13 MP: 3/3
    92 | D:1      | Reached XP level 2. HP: 18/18 MP: 5/5
   481 | D:1      | Learned a level 2 spell: Sticks to Snakes
   578 | D:2      | Reached XP level 3. HP: 16/23 MP: 6/6
   954 | D:2      | Found a faded altar of an unknown god.
  1305 | D:2      | Learned a level 3 spell: Spider Form
  1447 | D:2      | Reached XP level 4. HP: 18/29 MP: 7/7
  1534 | D:2      | Found a runed translucent door.
  1535 | D:2      | Noticed Crazy Yiuf
  1623 | D:2      | Killed Crazy Yiuf
  1631 | D:2      | HP: 1/29 [poisoned by Crazy Yiuf]
  2074 | D:3      | Noticed a phantom
  2381 | D:4      | Noticed an orc warrior
  2477 | D:4      | Noticed an ogre
  2483 | D:4      | Slain by an ogre

Skill      XL: |  1  2  3  4 |
---------------+-------------+-----
Fighting       | 2 |  2.0
Transmutations | 3 |  3.0
Dodging        | |  2.5
Stealth        | |  0.1
Unarmed Combat | |  3.4
Spellcasting   | |  2.7
Poison Magic   | |  0.4

Action                   |  1- 3 |  4- 6 || total
-------------------------+-------+-------++-------
Melee: Unarmed           |    94 |    50 ||   144
       Constrict         |    30 |    14 ||    44
       Tentacles         |    18 |     3 ||    21
       Punch             |     3 |       ||     3
 Cast: Spider Form       |       |     1 ||     1
 Abil: End Transformatio |       |     1 ||     1
  Use: Potion            |       |     4 ||     4
 Stab: Sleeping          |     5 |       ||     5
  Eat: Chunk             |     2 |     3 ||     5
Armor: Skin              |    11 |     9 ||    20
Dodge: Dodged            |    63 |    41 ||   104
